 Dungeon Crawl Stone Soup version 0.17.0-28-g6e173f8 (webtiles) character file.

68 M4edhros the Sneak (level 4, -1/29 HPs)
             Began as an Octopode Wanderer on Nov 25, 2015.
             Slain by Purgy (3 damage)
             ... in a sewer.
             The game lasted 00:01:20 (861 turns).

M4edhros the Sneak (Octopode Wanderer)               Turns: 861, Time: 00:01:20

Health: -1/29      AC:  1    Str: 11    XL:     4   Next: 19%
Magic:  5/5        EV: 12    Int: 12    God:
Gold:   107        SH:  0    Dex: 14    Spells: 0 memorised, 5 levels left

rFire  + + .     SeeInvis .     a - +3 spear
rCold  x x .     Clarity  .     (no shield)
rNeg   . . .     SustAt   .     (helmet restricted)
rPois  .         Gourm    .     (no amulet)
rElec  .         Spirit   .     e - ring of invisibility
rCorr  .         Warding  .     g - ring of fire
rMut   .         Stasis   .     l - ring of fire
MR     .....                    (no ring)
Stlth  ++++......               (no ring)
                                (no ring)
                                (no ring)
                                (no ring)

@: not resistant to hostile enchantments, stealthy
A: almost no armour, amphibious, 8 rings, constrict 8, camouflage 1, gelatinous
body 1
a: Evoke Invisibility


You were in a sewer.
You were not hungry.

You visited 1 branch of the dungeon, and saw 3 of its levels.
You also visited: Sewer.

You collected 107 gold pieces.

Inventory:

Hand Weapons
 a - a +3 spear (weapon)
Missiles
 h - 14 sling bullets
Jewellery
 e - a ring of invisibility (left tentacle)
 g - a ring of fire (right tentacle)
 l - a ring of fire (on tentacle)
Scrolls
 c - a scroll of teleportation
 f - a scroll of remove curse
Potions
 i - 4 potions of agility
 j - 2 potions of curing
 m - a potion of might {unknown}
Books
 b - Lehudib's Volume of the Rocks

   Spells                             Type                      Level
   a - Sandblast                      Earth                        1
   b - Stone Arrow                    Conjuration/Earth            3
Comestibles
 d - 3 bread rations
 k - a slice of pizza


   Skills:
 - Level 2.0 Fighting
 - Level 2.0 Polearms
 - Level 1.0 Dodging
 + Level 5.3 Stealth
 - Level 1.0 Spellcasting
   Level 1.0 Necromancy
   Level 1.0 Translocations
 - Level 2.1 Evocations


You had 5 spell levels left.
You didn't know any spells.

Dungeon Overview and Level Annotations

Branches:
Dungeon (3/15)

Altars:
Elyvilon

Annotations:
Sewer Purgy


Innate Abilities, Weirdness & Mutations

You cannot wear most types of armour.
You are amphibious.
You can wear up to eight rings at the same time.
You can use your tentacles to constrict eight enemies at once.
Your skin changes colour to match your surroundings (Stealth).
Your rubbery body absorbs attacks (AC +1).


Message History

There is an open door here.
You now have 107 gold pieces (gained 24).
There is an open door here.
You open the door.
Purgy the Meek comes into view.
Found a meat ration.
Attack whom?
Press: ? - help, Dir - move target cursor, f - Purgy
Aim: Purgy (resting)
You reach to attack!
The helpless Purgy fails to defend himself.
You hit Purgy but do no damage.
Purgy is nearby!
You barely miss Purgy. Purgy bites you! Purgy barely misses you.
Purgy barely misses you.
Purgy is nearby!
You closely miss Purgy. Purgy bites you!
* * * LOW HITPOINT WARNING * * *
Purgy claws you.
You die...

#≈≈≈# #≈≈≈#
#≈≈≈# #≈≈≈#
#≈≈≈#
#############
#..'.≈≈≈.'..#
####.≈≈≈.####
####.≈≈≈@#
#..†.≈≈≈.T.%#
####.≈≈≈.####
####.≈≈≈.#
#..'.≈≈≈.+
####.≈≈≈.#
####.≈≈≈.####
#.)'..∩....∩#
####.≈≈≈.####


You could see Purgy.

Vanquished Creatures
  Jessica (D:3)
  A worm (D:2)
  An adder skeleton (D:3)
  3 giant geckos (D:3)
  2 giant cockroaches (D:3)
  9 goblins
  A hobgoblin (D:1)
  A quokka (D:2)
  A ball python (D:3)
  5 bats
  A giant newt (D:1)
  5 kobolds
  5 rats
36 creatures vanquished.

Notes
Turn   | Place    | Note
--------------------------------------------------------------
     0 | D:1      | M4edhros the Octopode Wanderer began the quest for the Orb.
     0 | D:1      | M4edhros set off with: a +2 spear, Lehudib's Volume of the Rocks, a scroll of teleportation, a bread ration
     0 | D:1      | Reached XP level 1. HP: 14/14 MP: 2/2
     0 | D:1      | Identified Lehudib's Volume of the Rocks
     3 | D:1      | Found a white marble altar of Elyvilon.
    20 | D:1      | Reached skill level 1 in Stealth
   167 | D:1      | Reached XP level 2. HP: 14/19 MP: 3/3
   436 | D:2      | Reached skill level 3 in Stealth
   554 | D:3      | Reached XP level 3. HP: 21/24 MP: 4/4
   565 | D:3      | Reached skill level 4 in Stealth
   760 | D:3      | Noticed Jessica
   767 | D:3      | Killed Jessica
   767 | D:3      | Reached skill level 5 in Stealth
   769 | D:3      | Reached XP level 4. HP: 12/29 MP: 5/5
   803 | D:3      | Found a glowing drain.
   815 | Sewer    | Entered a sewer
   858 | Sewer    | Noticed Purgy
   861 | Sewer    | Slain by Purgy

Action                   |  1- 3 |  4- 6 || total
-------------------------+-------+-------++-------
Melee: Spear             |    55 |    11 ||    66
  Use: Scroll            |     4 |       ||     4
       Potion            |     4 |       ||     4
 Stab: Sleeping          |     4 |     5 ||     9
